3AA
SAN BERNARDINO GRASSHOPPERS @ SPRINGFIELD SHOOTERS
07/29/2028
 
TOP OF THE 1ST
San Bernardino Grasshoppers batting - Pitching for Springfield Shooters : RHP Atila Freska
Pitching: RHP Atila Freska
Batting: RHB Jaime López 0-0: Ball
1-0: Ball
2-0: Called Strike
2-1: Ball
3-1: Base on Balls
Batting: RHB Oscar Gandarilla 0-0: Ball
Balk!
Jaime López to second
1-0: Called Strike
1-1: Swinging Strike
1-2: Strikes out swinging
Batting: RHB Chris Costa 0-0: Ball
1-0: Ball
2-0: Foul Ball, location: 2F
2-1: Fly out, F7 (Flyball, 7)
Batting: LHB Mario Nieves 0-0: Swinging Strike
0-1: Fly out, F8 (Flyball, 8LD)
Top of the 1st over - 0 run(s), 0 hit(s), 0 error(s), 1 left on base; San Bernardino 0 - Springfield 0
BOTTOM OF THE 1ST
Springfield Shooters batting - Pitching for San Bernardino Grasshoppers : RHP Delmar Llerena
Pitching: RHP Delmar Llerena
Batting: SHB Benedict Patel 0-0: Fly out, F8 (Flyball, 78D)
Batting: RHB Toussiant L'Ouverture 0-0: Ball
1-0: Ball
2-0: Ball
3-0: Called Strike
3-1: Base on Balls
Batting: RHB Javier De Jesús 0-0: Called Strike
0-1: Foul Ball, location: 2F
0-2: Ball
1-2: Foul Ball, location: 2F
1-2: Ball
2-2: Fly out, F9 (Flyball, 9S)
Batting: RHB Gabrio Campoverde 0-0: Ball
1-0: Swinging Strike
1-1: Called Strike
1-2: Ball
2-2: Ball
3-2: Foul Ball, location: 2F
3-2: Strikes out swinging
Bottom of the 1st over - 0 run(s), 0 hit(s), 0 error(s), 1 left on base; San Bernardino 0 - Springfield 0
TOP OF THE 2ND
San Bernardino Grasshoppers batting - Pitching for Springfield Shooters : RHP Atila Freska
Batting: RHB Shawn Hicks 0-0: Ball
1-0: Ball
2-0: Fly out, F7 (Flyball, 7S)
Batting: LHB Eric Porter 0-0: Called Strike
0-1: Hit by Pitch
Batting: RHB Enrico Betancourt 0-0: Ball
1-0: Called Strike
1-1: Grounds into double play, 4-6-3 (Groundball, 4)
Top of the 2nd over - 0 run(s), 0 hit(s), 0 error(s), 0 left on base; San Bernardino 0 - Springfield 0
BOTTOM OF THE 2ND
Springfield Shooters batting - Pitching for San Bernardino Grasshoppers : RHP Delmar Llerena
Batting: LHB Daniel Faraday 0-0: Ball
1-0: Foul Ball, location: 2F
1-1: Ball
2-1: Called Strike
2-2: Strikes out swinging
Batting: LHB Armando Rodríguez 0-0: Called Strike
0-1: Foul Ball, location: 2F
0-2: Ball
1-2: Strikes out looking
Batting: RHB Willis Kirkendall 0-0: Swinging Strike
0-1: Ball
1-1: Ball
2-1: Foul Ball, location: 2F
2-2: Ball
3-2: Base on Balls
Batting: RHB Mike Mays 0-0: Fielders Choice at 2nd, 5-4 (Groundball, 56)
Bottom of the 2nd over - 0 run(s), 0 hit(s), 0 error(s), 0 left on base; San Bernardino 0 - Springfield 0
TOP OF THE 3RD
San Bernardino Grasshoppers batting - Pitching for Springfield Shooters : RHP Atila Freska
Batting: RHB Felix Plugge 0-0: Called Strike
0-1: Foul Ball, location: 2F
0-2: Foul Ball, location: 2F
0-2: Ball
1-2: Ball
2-2: Ball
3-2: Foul Ball, location: 2F
3-2: SINGLE (Line Drive, 56D)
Batting: RHB Cisco Feijoo 0-0: Called Strike
0-1: Ball
1-1: Called Strike
1-2: Foul Ball, location: 2F
1-2: Strikes out swinging
Batting: RHB Jaime López 0-0: Ball
1-0: Swinging Strike
1-1: Ball
2-1: Fly out, F7 (Flyball, 78M)
Batting: RHB Oscar Gandarilla 0-0: Called Strike
0-1: Fielders Choice at 2nd, 4-6 (Groundball, 4)
Top of the 3rd over - 0 run(s), 1 hit(s), 0 error(s), 0 left on base; San Bernardino 0 - Springfield 0
BOTTOM OF THE 3RD
Springfield Shooters batting - Pitching for San Bernardino Grasshoppers : RHP Delmar Llerena
Batting: RHB Francisco Gonzáles 0-0: Foul Ball, location: 2F
0-1: Foul Ball, location: 2F
0-2: Ball
1-2: SINGLE (Line Drive, 78S)
Batting: SHB Benedict Patel 0-0: Ball
1-0: Swinging Strike
1-1: Ball
2-1: Foul Ball, location: 2F
2-2: Fly out, F9 (Flyball, 89M)
Batting: RHB Toussiant L'Ouverture 0-0: Grounds into double play, 4-6-3 (Groundball, 4)
Bottom of the 3rd over - 0 run(s), 1 hit(s), 0 error(s), 0 left on base; San Bernardino 0 - Springfield 0
TOP OF THE 4TH
San Bernardino Grasshoppers batting - Pitching for Springfield Shooters : RHP Atila Freska
Batting: RHB Chris Costa 0-0: Called Strike
0-1: Ground out 5-3 (Groundball, 56)
Batting: LHB Mario Nieves 0-0: Ball
1-0: Called Strike
1-1: Swinging Strike
1-2: SINGLE (Line Drive, 89S)
Batting: RHB Shawn Hicks 0-0: Called Strike
0-1: Ball
1-1: Foul Ball, location: 2F
1-2: Foul Ball, location: 2F
1-2: Strikes out swinging
Batting: LHB Eric Porter 0-0: Ball
1-0: Foul Ball, location: 2F
1-1: Fly out, F8 (Flyball, 8RD)
Top of the 4th over - 0 run(s), 1 hit(s), 0 error(s), 1 left on base; San Bernardino 0 - Springfield 0
BOTTOM OF THE 4TH
Springfield Shooters batting - Pitching for San Bernardino Grasshoppers : RHP Delmar Llerena
Batting: RHB Javier De Jesús 0-0: Foul Ball, location: 2F
0-1: Foul Ball, location: 2F
0-2: Strikes out swinging
Batting: RHB Gabrio Campoverde 0-0: Ball
1-0: Foul Ball, location: 2F
1-1: Foul Ball, location: 2F
1-2: Ground out 5-3 (Groundball, 5)
Batting: LHB Daniel Faraday 0-0: Foul Ball, location: 2F
0-1: SINGLE (Groundball, 4MD)
Batting: LHB Armando Rodríguez 0-0: SINGLE (Groundball, 56) (infield hit)
Daniel Faraday to second
Batting: RHB Willis Kirkendall 0-0: Called Strike
0-1: Ball
1-1: Ball
2-1: Ground out 3-1 (Groundball, 34)
Bottom of the 4th over - 0 run(s), 2 hit(s), 0 error(s), 2 left on base; San Bernardino 0 - Springfield 0
TOP OF THE 5TH
San Bernardino Grasshoppers batting - Pitching for Springfield Shooters : RHP Atila Freska
Batting: RHB Enrico Betancourt 0-0: Called Strike
0-1: Ball
1-1: Ball
2-1: Foul Ball, location: 2F
2-2: Foul Ball, location: 2F
2-2: Foul Ball, location: 2F
2-2: Foul Ball, location: 2F
2-2: Fly out, F7 (Flyball, 78S)
Batting: RHB Felix Plugge 0-0: Called Strike
0-1: Ball
1-1: Fly out, F9 (Flyball, 89S)
Batting: RHB Cisco Feijoo 0-0: Called Strike
0-1: Called Strike
0-2: Ball
1-2: Strikes out swinging
Top of the 5th over - 0 run(s), 0 hit(s), 0 error(s), 0 left on base; San Bernardino 0 - Springfield 0
BOTTOM OF THE 5TH
Springfield Shooters batting - Pitching for San Bernardino Grasshoppers : RHP Delmar Llerena
Batting: RHB Mike Mays 0-0: Ball
1-0: Ball
2-0: Called Strike
2-1: Foul Ball, location: 2F
2-2: Strikes out looking
Batting: RHB Francisco Gonzáles 0-0: Called Strike
0-1: Ball
1-1: Ball
2-1: Foul Ball, location: 2F
2-2: Strikes out looking
Batting: SHB Benedict Patel 0-0: SINGLE (Flyball, 89S)
Batting: RHB Toussiant L'Ouverture 0-0: Called Strike
0-1: Ball
Benedict Patel steals 2nd base
1-1: Ball
2-1: Ball
3-1: Foul Ball, location: 2F
3-2: Foul Ball, location: 2F
3-2: SINGLE (Groundball, 4MD)
Benedict Patel to third
Benedict Patel scores
Batting: RHB Javier De Jesús 0-0: Ball
1-0: Ball
2-0: Ball
3-0: Called Strike
3-1: Foul Ball, location: 2F
3-2: Foul Ball, location: 2F
3-2: DOUBLE (Flyball, 78D)
Toussiant L'Ouverture to third
Toussiant L'Ouverture scores
Batting: RHB Gabrio Campoverde 0-0: Foul Ball, location: 2F
0-1: Ball
1-1: Swinging Strike
1-2: Foul Ball, location: 2F
1-2: Ball
2-2: Strikes out looking
Bottom of the 5th over - 2 run(s), 3 hit(s), 0 error(s), 1 left on base; San Bernardino 0 - Springfield 2
TOP OF THE 6TH
San Bernardino Grasshoppers batting - Pitching for Springfield Shooters : RHP Atila Freska
Batting: RHB Jaime López 0-0: Called Strike
0-1: Ground out 6-3 (Groundball, 6S)
Batting: RHB Oscar Gandarilla 0-0: Called Strike
0-1: Ball
1-1: Called Strike
1-2: Ball
2-2: Foul Ball, location: 2F
2-2: Ground out 5-3 (Groundball, 5L)
Batting: RHB Chris Costa 0-0: Ball
1-0: Ball
2-0: Called Strike
2-1: Foul Ball, location: 2F
2-2: Ball
3-2: Base on Balls
Batting: LHB Mario Nieves 0-0: SINGLE (Flyball, 7LS)
Chris Costa to second
Batting: RHB Shawn Hicks 0-0: Ball
1-0: Reached on error, E6 (Groundball, 6)
Chris Costa to third
Mario Nieves to second
Batting: LHB Eric Porter 0-0: Ball
1-0: Foul Ball, location: 2F
1-1: Ball
2-1: Ground out U3 (Groundball, 34)
Top of the 6th over - 0 run(s), 1 hit(s), 1 error(s), 3 left on base; San Bernardino 0 - Springfield 2
BOTTOM OF THE 6TH
Springfield Shooters batting - Pitching for San Bernardino Grasshoppers : RHP Delmar Llerena
Batting: LHB Daniel Faraday 0-0: Ball
1-0: Ball
2-0: Ball
3-0: Base on Balls
Batting: LHB Armando Rodríguez 0-0: Ball
1-0: Sac Bunt - play at second, runner OUT! 3-6
Batting: RHB Willis Kirkendall 0-0: Foul Ball, location: 2F
0-1: Ball
1-1: Fly out, F9 (Flyball, 89M)
Batting: RHB Mike Mays 0-0: SINGLE (Line Drive, 6D)
Armando Rodríguez to second
Batting: RHB Francisco Gonzáles 0-0: Swinging Strike
0-1: Ball
1-1: Swinging Strike
1-2: Ball
2-2: Strikes out swinging
Bottom of the 6th over - 0 run(s), 1 hit(s), 0 error(s), 2 left on base; San Bernardino 0 - Springfield 2
TOP OF THE 7TH
San Bernardino Grasshoppers batting - Pitching for Springfield Shooters : RHP Atila Freska
Batting: RHB Enrico Betancourt 0-0: Called Strike
0-1: Foul Ball, location: 2F
0-2: Ball
1-2: Foul Ball, location: 2F
1-2: SINGLE (Groundball, 6M) (infield hit)
Batting: RHB Felix Plugge 0-0: SINGLE (Groundball, 3D)
Enrico Betancourt to second
Runner from 2nd tries for 3rd, SAFE, no throw
Pinch Hitting: RHB Kelly Harris 0-0: Called Strike
0-1: SINGLE (Groundball, 6MD)
Enrico Betancourt scores
Felix Plugge to second
Runner from 2nd tries for 3rd, SAFE, throw made to third
Batting: RHB Jaime López 0-0: Foul Ball, location: 2F
0-1: Ball
1-1: Ball
2-1: Swinging Strike
2-2: Foul Ball, location: 2F
2-2: Strikes out swinging
Pitching: LHP Anaías Pedroza
Pinch Hitting: RHB Roberto Ramírez 0-0: Ball
1-0: Called Strike
1-1: Ball
2-1: Reached on error, E6 (Groundball, 6)
Felix Plugge scores
Kelly Harris to second
Batting: RHB Chris Costa 0-0: Ball
1-0: Foul Ball, location: 2F
1-1: Ball
2-1: Grounds into double play, 4-6-3 (Groundball, 4)
Top of the 7th over - 2 run(s), 3 hit(s), 1 error(s), 1 left on base; San Bernardino 2 - Springfield 2
BOTTOM OF THE 7TH
Springfield Shooters batting - Pitching for San Bernardino Grasshoppers : RHP Delmar Llerena
Now at SS: Roberto Ramírez
Now in CF: Kelly Harris
Batting: SHB Benedict Patel 0-0: Ball
1-0: Foul Ball, location: 2F
1-1: Fly out, F9 (Flyball, 9S)
Batting: RHB Toussiant L'Ouverture 0-0: Ball
1-0: Ball
2-0: Ball
3-0: Called Strike
3-1: Base on Balls
Pitching: RHP Júlio Peña
Batting: RHB Javier De Jesús 0-0: Called Strike
0-1: Called Strike
0-2: Fly out, F4 (Line Drive, 4)
Batting: RHB Gabrio Campoverde 0-0: Ball
1-0: Foul Ball, location: 2F
1-1: Ball
2-1: Ball
3-1: Base on Balls
Toussiant L'Ouverture to second
Batting: LHB Daniel Faraday 0-0: Called Strike
0-1: Fly out, F7 (Flyball, 7)
Bottom of the 7th over - 0 run(s), 0 hit(s), 0 error(s), 2 left on base; San Bernardino 2 - Springfield 2
TOP OF THE 8TH
San Bernardino Grasshoppers batting - Pitching for Springfield Shooters : LHP Anaías Pedroza
Batting: LHB Mario Nieves 0-0: Called Strike
0-1: SINGLE (Groundball, 4MD)
Pinch Runner at 1st Jorge Estrada:
Batting: RHB Shawn Hicks 0-0: Ball
1-0: SINGLE (Line Drive, 6D)
Jorge Estrada to second
Batting: LHB Eric Porter 0-0: Called Strike
0-1: Ball
1-1: Swinging Strike
1-2: Foul Ball, location: 2F
1-2: Ball
2-2: Strikes out looking
Batting: RHB Enrico Betancourt 0-0: Called Strike
Shawn Hicks is caught stealing 2nd base
0-1: Ball
1-1: Called Strike
1-2: Fly out, F9 (Flyball, 9LM)
Top of the 8th over - 0 run(s), 2 hit(s), 0 error(s), 1 left on base; San Bernardino 2 - Springfield 2
BOTTOM OF THE 8TH
Springfield Shooters batting - Pitching for San Bernardino Grasshoppers : RHP Júlio Peña
Now at 1B: Alwin Vreekamp
Batting: LHB Armando Rodríguez 0-0: Ball
1-0: Foul Ball, location: 2F
1-1: Ball
2-1: Ball
3-1: Swinging Strike
3-2: Strikes out looking
Batting: RHB Willis Kirkendall 0-0: Foul Ball, location: 2F
0-1: Ball
1-1: Ball
2-1: SOLO HOME RUN (Flyball, 7D), Distance : 368 ft
Batting: RHB Mike Mays 0-0: Fly out, F8 (Line Drive, 8LM)
Batting: RHB Francisco Gonzáles 0-0: Ball
1-0: TRIPLE (Flyball, 78D)
Batting: SHB Benedict Patel 0-0: Called Strike
0-1: Foul Ball, location: 2F
0-2: Ground out U3 (Groundball, 3L)
Bottom of the 8th over - 1 run(s), 2 hit(s), 0 error(s), 1 left on base; San Bernardino 2 - Springfield 3
TOP OF THE 9TH
San Bernardino Grasshoppers batting - Pitching for Springfield Shooters : LHP Anaías Pedroza
Pitching: RHP Ieyoshi Asai
Now at C: Young-hoon Im
Now at 1B: Tony Cantú
Pinch Hitting: LHB Ubbe van Antwerpen 0-0: Swinging Strike
0-1: Foul Ball, location: 2F
0-2: Strikes out swinging
Batting: RHB Kelly Harris 0-0: Called Strike
0-1: Foul Ball, location: 2F
0-2: Strikes out looking
Batting: RHB Jaime López 0-0: Reached on error, E6 (Groundball, 6)
Batting: RHB Roberto Ramírez 0-0: Called Strike
0-1: Foul Ball, location: 2F
0-2: Ball
1-2: Foul Ball, location: 2F
1-2: Ball
2-2: Foul Ball, location: 2F
2-2: Ball
3-2: SINGLE (Flyball, 89S)
Jaime López to third
Jaime López scores
Batting: RHB Chris Costa 0-0: Swinging Strike
0-1: Called Strike
0-2: Strikes out swinging
Top of the 9th over - 1 run(s), 1 hit(s), 1 error(s), 1 left on base; San Bernardino 3 - Springfield 3
BOTTOM OF THE 9TH
Springfield Shooters batting - Pitching for San Bernardino Grasshoppers : RHP Júlio Peña
Now at C: Ubbe van Antwerpen
Pinch Hitting: RHB Lee Charles 0-0: Ball
1-0: Ball
2-0: Ball
3-0: Base on Balls
Batting: RHB Javier De Jesús 0-0: Foul Ball, location: 2F
0-1: Fly out, F9 (Flyball, 89S)
Batting: RHB Gabrio Campoverde 0-0: Called Strike
0-1: Ball
1-1: Called Strike
1-2: Strikes out swinging
Pinch Hitting: LHB Guillermo Castro 0-0: Ball
1-0: Called Strike
1-1: Swinging Strike
1-2: Foul Ball, location: 2F
1-2: Foul Ball, location: 2F
1-2: Strikes out swinging
Bottom of the 9th over - 0 run(s), 0 hit(s), 0 error(s), 1 left on base; San Bernardino 3 - Springfield 3
TOP OF THE 10TH
San Bernardino Grasshoppers batting - Pitching for Springfield Shooters : RHP Ieyoshi Asai
Now at C: Carlos Gallegos
Now at 1B: Lee Charles
Pinch Hitting: RHB Jorge Durán 0-0: Ball
1-0: Ball
2-0: Foul Ball, location: 2F
2-1: Swinging Strike
2-2: Ball
3-2: Base on Balls
Batting: RHB Shawn Hicks 0-0: Swinging Strike
0-1: Called Strike
0-2: Ball
1-2: Strikes out looking
Batting: LHB Eric Porter 0-0: Called Strike
0-1: Foul Ball, location: 2F
0-2: DOUBLE (Flyball, 89D)
Jorge Durán to third
Batting: RHB Enrico Betancourt 0-0: Called Strike
0-1: Ball
1-1: Foul Ball, location: 2F
1-2: Ground out 6-3 (Groundball, 6)
Batting: LHB Ubbe van Antwerpen 0-0: Ball
1-0: Ball
2-0: Called Strike
2-1: Swinging Strike
2-2: SINGLE (Groundball, 6D)
Jorge Durán scores
Eric Porter to third
Runner from 3rd tries for Home, SAFE, throw made home
Pitching: RHP Vicente Escamilla
Batting: RHB Kelly Harris 0-0: Ball
1-0: Ball
2-0: Foul Ball, location: 2F
2-1: Ground out 1-3 (Groundball, 15)
Top of the 10th over - 2 run(s), 2 hit(s), 0 error(s), 1 left on base; San Bernardino 5 - Springfield 3
BOTTOM OF THE 10TH
Springfield Shooters batting - Pitching for San Bernardino Grasshoppers : RHP Júlio Peña
Pitching: LHP Héctor Valentín
Now at 1B: Pablo Alyala
Batting: LHB Armando Rodríguez 0-0: SINGLE (Line Drive, 4M)
Batting: RHB Willis Kirkendall 0-0: Ball
1-0: Swinging Strike
1-1: Ball
2-1: SINGLE (Line Drive, 6MD)
Armando Rodríguez to second
Batting: RHB Mike Mays 0-0: Ball
1-0: Bunt missed!
1-1: Sac Bunt - play at first, batter OUT! 3-4
Armando Rodríguez to third
Willis Kirkendall to second
Batting: RHB Francisco Gonzáles 0-0: Ball
1-0: Ball
2-0: Called Strike
2-1: Ball
3-1: Base on Balls
Batting: SHB Benedict Patel 0-0: Ball
1-0: Grounds into double play, 6-4-3 (Groundball, 6)
Bottom of the 10th over - 0 run(s), 2 hit(s), 0 error(s), 2 left on base; San Bernardino 5 - Springfield 3
Monday, August 21st, 2017 - OOTP Baseball 17.12 Build 75